 Dungeon Crawl Stone Soup version 0.26.0-10-g1f06aea511 (webtiles) character file.

Game seed: 4410816102131249656

171 vatarom the Firebug (level 5, 0/29 HPs)
             Began as a Deep Elf Fire Elementalist on Jan 26, 2021.
             Succumbed to an orc priest's poison
             ... on level 2 of the Dungeon.
             The game lasted 00:05:32 (3015 turns).

vatarom the Firebug (Deep Elf Fire Elementalist)    Turns: 3015, Time: 00:05:32

Health: 0/29       AC:  3    Str:  8    XL:     5   Next: 26%
Magic:  9/13       EV: 13    Int: 20    God:
Gold:   96         SH:  0    Dex: 15    Spells: 1/12 levels left

rFire    + . .     SeeInvis .   d - +2 dagger (venom)
rCold    + . .     Faith    .   (no shield)
rNeg     . . .     Spirit   .   a - +0 robe
rPois    .         Reflect  .   i - +0 helmet
rElec    .         Harm     .   j - scarf {rC+ rF+}
rCorr    .         Rampage  .   (no gloves)
Will     .....                  (no boots)
Stlth    ++........             (no amulet)
HPRegen  0.09/turn              (no ring)
MPRegen  0.13/turn              (no ring)

@: lethally poisoned (0 -> -3)
A: blink, strong 1
a: Blink


You were on level 2 of the Dungeon.
You visited 1 branch of the dungeon, and saw 3 of its levels.

You collected 96 gold pieces.

Inventory:

Hand Weapons
 d - a +2 dagger of venom (weapon)
Missiles
 e - 12 poisoned darts
Armour
 a - a +0 robe (worn)
 i - a +0 helmet (worn)
 j - a scarf of resistance (worn)
Scrolls
 b - a scroll of amnesia
 f - a scroll of noise
 h - a scroll of enchant armour
 k - a scroll of teleportation {@r3}


   Skills:
 + Level 1.3 Fighting
 - Level 2.4 Dodging
 - Level 2.4 Stealth
 + Level 4.1 Spellcasting
 * Level 3.3 Conjurations
 * Level 4.6 Fire Magic


You had one spell level left.
You knew the following spells:

 Your Spells              Type           Power        Failure   Level
a - Foxfire               Conj/Fire      80%          2%          1
b - Inner Flame           Hex/Fire       13%          14%         3
c - Conjure Flame         Conj/Fire      20%          8%          3
d - Sticky Flame          Conj/Fire      20%          24%         4

Your spell library contained the following spells:

 Spells                   Type           Power        Failure   Level
 Fireball                 Conj/Fire      10%          56%         5


Dungeon Overview and Level Annotations

Branches:
Dungeon (3/15)

Altars:


Innate Abilities, Weirdness & Mutations

You can translocate small distances at will.
Your muscles are strong. (Str +2)


Message History

You feel sick.
Unknown command.
* * * LOW HITPOINT WARNING * * *
You feel sick.
* * * LOW HITPOINT WARNING * * *
You feel sick.
Unknown command.
* * * LOW HITPOINT WARNING * * *
You feel sick.
Unknown command.
You open the door.
* * * LOW HITPOINT WARNING * * *
You feel sick.
There is an open door here.
* * * LOW HITPOINT WARNING * * *
You feel sick.
There is an escape hatch in the floor here.
Really go through this one-way escape hatch?
There is a lethal amount of poison in your body!
You die...

#...#######.#.#####..##.####.#.#.
#..........).....)...............
....###.....#.#...#..#.......#...
##..###.#####.#...#..###########.
......#.# #.#...#..............
..)...#.#####.#...#.#############
...>..........'...+..............
..........###.#...#.#.#####..##..
[.........# #...@...#.# ##.##..
......#'#############.# #..#..
......#........# #.# ##.###
......#.######.# ##'#######..##
......########.# ###.........#...
...............# #...........#..#
################ #...........##.#
#...........##.. #......###......


There were no monsters in sight!

Vanquished Creatures
  An orc priest (D:2)
  3 gnolls (D:2)
  6 adders (D:2)
  2 dart slugs
  2 leopard geckos
  2 orcs (D:3)
  4 bats
  3 giant cockroaches
  4 hobgoblins (D:2)
  6 jackals
  3 frilled lizards
  6 goblins
  6 kobolds
  5 rats
53 creatures vanquished.

Vanquished Creatures (others)
  143 foxfires
143 creatures vanquished.

Grand Total: 196 creatures vanquished

Notes
Turn   | Place    | Note
-------+----------+-------------------------------------------
     0 | D:1      | vatarom the Deep Elf Fire Elementalist began the quest for
                  | the Orb.
     0 | D:1      | Reached XP level 1. HP: 10/10 MP: 6/6
   548 | D:1      | Reached XP level 2. HP: 15/15 MP: 6/8
  1315 | D:2      | Reached XP level 3. HP: 15/20 MP: 2/9
  1319 | D:2      | Learned a level 3 spell: Conjure Flame
  1437 | D:2      | Learned a level 3 spell: Inner Flame
  1625 | D:2      | Reached skill level 1 in Fighting
  1625 | D:2      | Reached XP level 4. HP: 12/25 MP: 3/11
  2508 | D:2      | Gained mutation: Your muscles are strong. (Str +2) [potion
                  | of mutation]
  2508 | D:2      | Gained mutation: You can translocate small distances at
                  | will. [potion of mutation]
  2669 | D:2      | Reached XP level 5. HP: 17/29 MP: 10/13
  2819 | D:2      | Learned a level 4 spell: Sticky Flame
  3012 | D:2      | HP: 1/29 [poisoned by an orc priest]
  3015 | D:2      | Succumbed to an orc priest's poison

Illustrated notes

Levels and vault maps discovered:
D:1:      minmay_arrival_glassed_features, layout_basic, serial_forest,
          infiniplex_forest_lined_3, infiniplex_forest_clump_tiny,
          infiniplex_forest_lined_room_2, infiniplex_forest_lined_room_2,
          infiniplex_forest_clump_curved, infiniplex_forest_clump_cross,
          infiniplex_forest_clump_curved, infiniplex_forest_end_3,
          infiniplex_forest_straight_3
D:2:      layout_basic
D:3:      layout_rooms, kennysheep_okawaru_gauntlet, chequers_garden,
          trog_butcher_becter

Skill      XL: |  1  2  3  4 |
---------------+-------------+-----
Conjurations   | 2 3 |  3.3
Fire Magic     | 4 |  4.6
Fighting       | 1 |  1.3
Spellcasting   | 4 |  4.1
Dodging        | |  2.4
Stealth        | |  2.4

Action                   |  1- 3 |  4- 6 || total
-------------------------+-------+-------++-------
Melee: Dagger            |    43 |    17 ||    60
       Unarmed           |     1 |       ||     1
 Cast: Foxfire           |    43 |    47 ||    90
  Use: Scroll            |     4 |     3 ||     7
       Potion            |     4 |     1 ||     5
 Stab: Sleeping          |     2 |       ||     2
Armor: Robe              |    16 |     4 ||    20
Dodge: Dodged            |    53 |    27 ||    80
